 Dungeon Crawl Stone Soup version 0.17-a0-649-g87edefa (webtiles) character file.

14644 xeno23 the Corrupter of Planes (level 11, 0/86 HPs)
             Began as a Demonspawn Abyssal Knight on Apr 17, 2015.
             Was the Champion of Lugonu.
             Slain by a blink frog (12 damage)
             ... on level 5 of the Lair of Beasts.
             The game lasted 01:49:42 (15508 turns).

xeno23 the Corrupter of Planes (DsAK)              Turns: 15508, Time: 01:49:42

Health: 0/86       AC: 15    Str: 11    XL:     11   Next: 91%
Magic:  18/18      EV:  8    Int: 15    God:    Lugonu [******]
Gold:   617        SH:  0    Dex: 19    Spells: 1 memorised, 7 levels left

rFire  + + +     SeeInvis +     r - +9 quarterstaff "Demonslayer" {crush, *Rage rF+++ Str-4 SInv}
rCold  . . .     Clarity  +     j - +0 plate armour of Mysticism {rElec MR+ Dex+5} (curse)
rNeg   . . .     SustAb   .     (no shield)
rPois  +         Gourm    +     (helmet unavailable)
rElec  +         Spirit   .     v - +0 cloak
rCorr  .         Warding  .     d - +0 pair of gloves
rMut   .         Stasis   .     (no boots)
MR     +....                    i - amulet of the gourmand
Stlth  ..........               G - ring of see invisible
                                k - ring of poison resistance

@: somewhat resistant to hostile enchantments, extremely unstealthy
A: horns 3, repulsion field 2, agile 1, clarity, demonic guardian 1, powered by
pain 1, screaming 1
a: Depart the Abyss, Bend Space, Banish, Corrupt, Enter the Abyss, Renounce
Religion


You were on level 5 of the Lair of Beasts.
You worshipped Lugonu.
Lugonu was exalted by your worship.
You were very full.

You visited 3 branches of the dungeon, and saw 15 of its levels.
You visited the Abyss 1 time.
You also visited: Sewer.

You collected 617 gold pieces.

Inventory:

Hand weapons
 q - a +0 blowgun
 r - the +9 quarterstaff "Demonslayer" (weapon) {crush, *Rage rF+++ Str-4 SInv}
   (You found it on level 5 of the Lair of Beasts)

   It inflicts extra damage upon your enemies.
   It affects your strength (-4).
   It renders you almost immune to fire.
   It enhances your eyesight.
   It may make you go berserk in combat.
 K - a +2 demon whip of venom
Missiles
 t - 88 poisoned needles
Armour
 d - a +0 pair of gloves (worn)
 j - the cursed +0 plate armour of Mysticism (worn) {rElec MR+ Dex+5}
   (You found it on level 1 of the Lair of Beasts)

   It affects your dexterity (+5).
   It insulates you from electricity.
   It affects your resistance to hostile enchantments.
   It has a curse placed upon it.
 v - a +0 cloak (worn)
Jewellery
 i - an amulet of the gourmand (around neck)
 k - a ring of poison resistance (left hand)
 C - an uncursed ring of positive energy
 G - a ring of see invisible (right hand)
 I - an uncursed ring of magical power
Magical devices
 a - a wand of paralysis (0)
 x - a wand of polymorph (14)
 z - a wand of fireball (5)
 Q - a wand of teleportation (5)
Scrolls
 f - 5 scrolls of identify
 s - 2 scrolls of amnesia
 y - 2 scrolls of recharging
 A - 4 scrolls of blinking
 D - 4 scrolls of teleportation
 F - 2 scrolls of fear
Potions
 b - a potion of haste
 e - a potion of magic
 g - 2 potions of agility
 h - a potion of cure mutation
 l - 3 potions of curing
 m - a potion of flight
 p - 2 potions of brilliance
 u - a potion of heal wounds
 E - 2 potions of might
 M - a potion of restore abilities
Comestibles
 c - 9 bread rations
 n - 5 meat rations


   Skills:
 + Level 7.8 Fighting
   Level 1.7 Long Blades
 * Level 7.6 Maces & Flails
 * Level 7.2 Armour
 + Level 6.7 Dodging
 + Level 3.3 Charms
 + Level 3.8 Necromancy
 + Level 9.9 Invocations
 * Level 8.0 Evocations


You had 7 spell levels left.
You knew the following spells:

 Your Spells              Type           Power        Failure   Level  Hunger
a - Regeneration          Chrm/Necr      ##........   100%        3    ####...


Dungeon Overview and Level Annotations

Branches:
Dungeon (10/15)            Temple (1/1) D:4            Lair (5/8) D:10
 Spider (0/5) Lair:4
  Swamp: Lair:3-6    Shoals: Lair:3-6       Orc: D:9-12

Altars:
Ashenzari
Cheibriados
Dithmenos
Elyvilon
Fedhas
Gozag
Kikubaaqudgha
Makhleb
Nemelex Xobeh
Okawaru
Qazlal
Ru
Sif Muna
Trog
Vehumet
Xom
Yredelemnul
Zin
The Shining One

Shops:
D:7 (   D:9 }

Annotations:
D:8 corrupted
Lair:4 Rupert


Innate Abilities, Weirdness & Mutations

You have a pair of large horns on your head.
You are surrounded by a moderate repulsion field (EV +3).
A weak demonic guardian rushes to your aid.
You sometimes gain a little power by taking damage.
You are agile. (Dex +2)
You possess an exceptional clarity of mind.
You occasionally shout uncontrollably at your foes.


Message History

Magic restored.
You start resting.
The blink frog momentarily phases out as your white imp's attack passes through it.
The blink frog momentarily phases out as your attack passes through it.
The blink frog hits you.
* * * LOW HITPOINT WARNING * * *
Your white imp gestures at the blink frog.
The puff of frost hits the blink frog.
You take 5 damage.
You closely miss the blink frog.
Your headbutt passes through the blink frog as it momentarily phases out.
The blink frog is heavily wounded.
The blink frog hits you.
* * * LOW HITPOINT WARNING * * *
The blink frog blinks!
You take 5 damage.
You thump the blink frog!
The blink frog is almost dead.
The blink frog hits you!
You die...

........ .. # P.......#
#.. .# #
#........#....#. #
#.........#... . #
#P.......†.. .# # #
#.......####.#.#
##..............#
#P..5.....#....##
###.F@....##.###
####.....#.###
#.####..#.## #####
##..#......#
####.#.#####....#...###
#......#..P#.......##
P.................##
.................#.#
................##.#


You could see a blink frog and a friendly white imp.

Vanquished Creatures
  A hydra (Lair:5)
  A black mamba (Lair:2)
  3 komodo dragons
  2 spiny frogs
  Grinder (D:3)
  A raven (D:8)
  A blink frog (Lair:5)
  2 basilisks
  2 hippogriffs
  A yak (D:10)
  A human (D:7)
  A hungry ghost (D:9)
  6 water moccasins
  3 wolves (Lair:4)
  10 porcupines
  8 spiders (Lair:4)
  2 black bears
  5 ice beasts
  An orc warrior (D:9)
  2 phantoms
  The ghost of EmperorPingu0 the Covered, an average DgFi (D:4)
  4 centaurs
  2 ogres
  14 big kobolds
  7 crocodiles
  7 giant frogs
  2 scorpions
  10 killer bees (D:7)
  13 wights
  An electric eel (Lair:5)
  4 crimson imps
  An orc priest (D:9)
  3 centaur zombies
  3 centaur skeletons
  A giant frog skeleton (D:5)
  A jelly (D:6)
  6 iguanas
  2 hounds
  7 orc wizards
  5 worker ants
  3 sheep (D:7)
  2 worker ant zombies
  9 gnolls
  14 adders
  22 river rats
  3 shadow imps
  7 oozes
  An adder skeleton (D:6)
  3 adder zombies
  6 worms
  20 orcs
  5 ball pythons
  12 bats
  2 bat skeletons
  7 goblins
  19 hobgoblins
  3 quokkas
  5 giant cockroaches
  3 giant newts
  A giant spore (D:8)
  5 jackals (D:3)
  34 kobolds
  18 rats
  16 ballistomycetes
  A fungus (D:10)
369 creatures vanquished.

Vanquished Creatures (collateral kills)
  A hydra (Lair:5)
  A spiny frog (Lair:2)
  A blink frog (Lair:5)
  A hog (D:7)
  Menkaure (D:4)
  3 big kobolds
  A scorpion (D:9)
  A quasit (D:8)
  2 crimson imps
  An orc wizard (D:4)
  A hound skeleton (D:4)
  2 orcs
  2 goblins
  5 kobolds
  2 bats (D:10)
25 creatures vanquished.

Vanquished Creatures (others)
  The ghost of Scytalen the Basher, an experienced DrWn of Okawaru (Lair:1)
  The ghost of Radiman the Severer, an experienced HOBe of Trog (D:9)
  A spatial maelstrom (D:8)
  2 blink frogs (Lair:5)
  A sky beast (D:5)
  A big kobold (Sewer)
  A crocodile (D:8)
  2 wights (D:6)
  4 killer bees
  22 crimson imps
  8 quasits
  An orc wizard (D:4)
  13 iron imps
  2 gnolls
  2 shadow imps
  13 white imps
  13 ufetubi
  2 orcs (D:5)
  2 giant cockroaches
  A giant newt (D:1)
  2 giant spores (D:7)
  A kobold (Sewer)
  A quokka zombie (D:8)
  A ballistomycete (D:7)
  A plant (D:10)
  6 starspawn tentacles
  3 starspawn tentacle segments
  13 toadstools (Lair:5)
121 creatures vanquished.

Grand Total: 515 creatures vanquished

Notes
Turn   | Place    | Note
--------------------------------------------------------------
     0 | Abyss:1  | xeno23, the Demonspawn Abyssal Knight, began the quest for the Orb.
     0 | Abyss:1  | Reached XP level 1. HP: 18/18 MP: 2/2
    23 | D:1      | Escaped the Abyss
   365 | D:1      | Reached skill level 1 in Dodging
   394 | D:1      | Gained mutation: You have a pair of small horns on your head. [demonic ancestry]
   394 | D:1      | Reached XP level 2. HP: 24/24 MP: 3/3
   633 | D:2      | Found a shadowy altar of Dithmenos.
   657 | D:3      | Acquired Lugonu's second power
   838 | D:2      | Reached XP level 3. HP: 24/29 MP: 5/5
  1474 | D:2      | Gained mutation: A weak demonic guardian rushes to your aid. [demonic ancestry]
  1474 | D:2      | Reached XP level 4. HP: 18/37 MP: 6/6
  2164 | D:3      | Noticed Grinder
  2176 | D:3      | Paralysed by Grinder for 6 turns
  2184 | D:3      | Paralysed by Grinder for 4 turns
  2202 | D:3      | Paralysed by Grinder for 5 turns
  2217 | D:3      | Killed Grinder
  2217 | D:3      | Reached skill level 4 in Fighting
  2217 | D:3      | Gained mutation: You have a pair of horns on your head. [demonic ancestry]
  2217 | D:3      | Reached XP level 5. HP: 15/43 MP: 6/8
  2217 | D:3      | Gained mutation: You are surrounded by a mild repulsion field (EV +2). [demonic ancestry]
  2217 | D:3      | Reached XP level 6. HP: 17/49 MP: 6/9
  2477 | D:3      | Acquired Lugonu's third power
  2672 | D:3      | Reached skill level 5 in Invocations
  2831 | D:3      | Found a bloodstained altar of Trog.
  3174 | D:4      | Gained mutation: You have a pair of large horns on your head. [demonic ancestry]
  3174 | D:4      | Reached XP level 7. HP: 27/55 MP: 11/11
  3219 | D:4      | Found a staircase to the Ecumenical Temple.
  3276 | Temple   | Entered the Ecumenical Temple
  3410 | D:4      | Noticed Menkaure
  3436 | D:4      | Noticed EmperorPingu0's ghost (average DgFi)
  3985 | D:4      | Killed Menkaure
  3985 | D:4      | Reached skill level 5 in Fighting
  4004 | D:4      | Killed EmperorPingu0's ghost
  4004 | D:4      | Reached skill level 6 in Invocations
  4272 | D:4      | Found a sparkling altar of Nemelex Xobeh.
  4466 | D:4      | Found a radiant altar of Vehumet.
  4614 | D:4      | Acquired Lugonu's fourth power
  4614 | D:4      | Reached skill level 1 in Maces & Flails
  4659 | D:5      | Entered Level 5 of the Dungeon
  4728 | D:5      | Got a faintly glowing dagger
  4794 | D:5      | Found a glowing drain.
  4802 | Sewer    | Entered a sewer
  4803 | Sewer    | Identified the cursed +1 dagger of Keohac {pierce, rF- Str+4 Int+10} (You found it on level 5 of the Dungeon)
  4905 | Sewer    | Reached XP level 8. HP: 63/63 MP: 12/12
  5239 | Sewer    | Corrupted Sewer
  5239 | Sewer    | Noticed an anaconda skeleton
  5239 | Sewer    | Noticed a sun demon
  5239 | Sewer    | Noticed a blue devil
  5241 | Sewer    | Noticed a freezing wraith
  5242 | Sewer    | Noticed a tentacled starspawn
  5563 | D:5      | Found a basalt altar of Yredelemnul.
  5590 | D:5      | Found a shattered altar of Ashenzari.
  5600 | D:5      | Identified a scroll of acquirement
  5623 | D:5      | Found a stormy altar of Qazlal.
  5625 | D:5      | Found a burning altar of Makhleb.
  5793 | D:5      | Reached skill level 1 in Evocations
  5930 | D:5      | Found a sparkling altar of Nemelex Xobeh.
  5931 | D:5      | Found a blossoming altar of Fedhas.
  5971 | D:5      | Noticed a wraith
  6412 | D:6      | Found a sacrificial altar of Ru.
  6638 | D:6      | Reached skill level 7 in Invocations
  6723 | D:6      | Reached skill level 5 in Armour
  6723 | D:6      | Gained mutation: You are surrounded by a moderate repulsion field (EV +3). [demonic ancestry]
  6723 | D:6      | Reached XP level 9. HP: 44/69 MP: 14/14
  7012 | D:7      | Acquired Lugonu's fifth power
  7576 | D:8      | Found a deep blue altar of Sif Muna.
  7579 | D:8      | Found a shadowy altar of Dithmenos.
  7582 | D:8      | Found an ancient bone altar of Kikubaaqudgha.
  8089 | D:8      | Reached skill level 5 in Dodging
  8139 | D:8      | Reached skill level 8 in Invocations
  8292 | D:8      | Reached skill level 5 in Maces & Flails
  8326 | D:8      | Corrupted D:8
  8326 | D:8      | Noticed a cacodemon
  8326 | D:8      | Noticed a spatial maelstrom
  8326 | D:8      | Noticed a rust devil
  8326 | D:8      | Noticed a wizard
  8326 | D:8      | Noticed an orange demon
  8326 | D:8      | Noticed a cyan very ugly thing
  8326 | D:8      | Noticed a thrashing horror
  8327 | D:8      | Noticed a hellwing
  8327 | D:8      | Noticed a smoke demon
  8327 | D:8      | Noticed a tentacled starspawn
  8328 | D:8      | Noticed a tentacled starspawn
  8334 | D:8      | Banished a spatial maelstrom
  8404 | D:8      | Noticed a starcursed mass
  8408 | D:8      | Noticed a cacodemon
  8839 | D:8      | Gained mutation: You occasionally shout uncontrollably at your foes. [potion of mutation]
  8839 | D:8      | Gained mutation: You possess an exceptional clarity of mind. [potion of mutation]
  8839 | D:8      | Gained mutation: You are agile. (Dex +2) [potion of mutation]
  8864 | D:7      | Reached skill level 5 in Evocations
  9062 | D:7      | Paralysed by a crimson imp for 3 turns
  9084 | D:7      | Reached XP level 10. HP: 47/77 MP: 16/16
  9120 | D:7      | Paralysed by a crimson imp for 4 turns
  9269 | D:7      | Found Wioty's Antique Weapon Boutique.
 10542 | D:9      | Got an ancient dagger
 10546 | D:9      | Identified the +0 dagger "Kepec" {drain, Dex+3} (You found it on level 9 of the Dungeon)
 10605 | D:9      | Learned a level 3 spell: Regeneration
 10695 | D:9      | Noticed Radiman's ghost (experienced HOBe)
 10709 | D:9      | Banished Radiman's ghost
 10793 | D:9      | Found Daacab Zit's Gadget Boutique.
 10925 | D:9      | Reached skill level 1 in Charms
 10925 | D:9      | Reached skill level 1 in Necromancy
 11087 | D:10     | Entered Level 10 of the Dungeon
 11251 | D:10     | Reached skill level 9 in Invocations
 11334 | D:10     | Found a staircase to the Lair.
 11846 | Lair:1   | Entered Level 1 of the Lair of Beasts
 12194 | Lair:1   | Noticed Scytalen's ghost (experienced DrWn)
 12196 | Lair:1   | Banished Scytalen's ghost
 12389 | Lair:1   | Got a twisted plate armour
 12400 | Lair:1   | Identified the cursed +0 plate armour of Mysticism {rElec MR+ Dex+5} (You found it on level 1 of the Lair of Beasts)
 12459 | Lair:1   | Gained mutation: You sometimes gain a little power by taking damage. [demonic ancestry]
 12459 | Lair:1   | Reached XP level 11. HP: 84/84 MP: 17/17
 13938 | Lair:2   | You fall through a shaft for 2 floors!
 13943 | Lair:4   | Found a hole to the Spider Nest.
 14212 | Lair:4   | Noticed Rupert
 14853 | Lair:5   | Noticed a lindwurm
 14853 | Lair:5   | Noticed a catoblepas
 15237 | Lair:5   | Got a faintly glowing quarterstaff
 15238 | Lair:5   | Identified the +9 quarterstaff "Demonslayer" {crush, *Rage rF+++ Str-4 SInv} (You found it on level 5 of the Lair of Beasts)
 15282 | Lair:5   | Noticed a seven-headed hydra
 15288 | Lair:5   | Killed a seven-headed hydra
 15295 | Lair:5   | Noticed a seven-headed hydra
 15302 | Lair:5   | Killed a seven-headed hydra
 15508 | Lair:5   | Slain by a blink frog

Action                   |  1- 3 |  4- 6 |  7- 9 | 10-12 || total
-------------------------+-------+-------+-------+-------++-------
Melee: Whip              |    85 |   106 |   350 |       ||   541
       Falchion          |     9 |    20 |    49 |       ||    78
       Morningstar       |       |       |   205 |   126 ||   331
       Demon whip        |       |       |       |   400 ||   400
       Halberd           |       |       |       |    49 ||    49
       Quarterstaff      |       |       |       |    25 ||    25
 Fire: Blowgun           |       |       |    13 |    36 ||    49
Invok: Bend Space        |       |       |     7 |     1 ||     8
       Corrupt           |       |       |     2 |       ||     2
       Banish            |       |       |       |     9 ||     9
Evoke: Wand              |       |       |     1 |     2 ||     3
  Use: Scroll            |       |    11 |    16 |     8 ||    35
       Potion            |       |     1 |    15 |     2 ||    18
 Stab: Distracted        |       |       |     3 |     3 ||     6
  Eat: Chunk             |     2 |    16 |    20 |    25 ||    63
